Map: 2000 Atmospheres LE

Players

goblin - Winner!

  • Race: Protoss Protoss

Bly

  • Race: Zerg Zerg

Event: DreamHack SC2 Masters 2021 Fall

VOD

Have the link to the VOD?

Description

Time

  • Played on: Aug. 7, 2021, 10:48 a.m.
  • Length: 14:19

All games in this series

Show
View Real Time Build Order
Export as new Build Order

goblin Protoss - Winner!

Build Orders:  

Get SALT Encoding   

  12  0:00  Probe  
  13  0:12  Probe  
  14  0:18  Pylon  
  14  0:24  Probe  
  15  0:37  Probe (Chrono Boost)  
  15  0:39  Gateway  
  16  0:46  Assimilator, Probe (Chrono Boost)  
  17  0:51  Probe  
  18  1:03  Probe  
  19  1:15  Probe  
  20  1:27  Probe  
  21  1:39  Probe  
  22  1:51  Probe  
  23  1:55  Nexus  
  23  1:58  Cybernetics Core  
  23  2:05  Pylon  
  23  2:11  Assimilator  
  23  2:23  Probe  
  24  2:32  Stalker (Chrono Boost)  
  24  2:35  Probe (Chrono Boost)  
  27  2:38  Stargate  
  28  2:45  Probe (Chrono Boost)  
  28  2:50  Probe (Chrono Boost)  
  28  2:51  Warp Gate  
  29  3:04  Probe (Chrono Boost)  
  30  3:07  Probe (Chrono Boost)  
  30  3:08  Adept  
  33  3:14  Assimilator  
  33  3:16  Assimilator, Probe (Chrono Boost)  
  33  3:17  Probe (Chrono Boost)  
  33  3:18  Void Ray  
  35  3:24  Probe (Chrono Boost)  
  41  3:27  Probe (Chrono Boost)  
  41  3:29  Probe (Chrono Boost)  
  42  3:36  Probe  
  42  3:40  Probe  
  44  3:43  Pylon  
  44  3:48  Probe  
  45  3:52  Probe  
  45  3:54  Stargate  
  46  4:00  Gateway  
  46  4:01  Probe  
  46  4:02  Void Ray  
  47  4:04  Probe  
  52  4:13  Probe  
  52  4:16  Probe  
  54  4:22  Pylon  
  54  4:24  Pylon  
  54  4:38  Void Ray  
  54  4:39  Void Ray  
  54  4:40  Probe x2  
  60  4:46  Protoss Air Weapons Level 1  
  60  4:52  Probe x2  
  66  4:58  Pylon  
  66  5:10  Nexus  
  66  5:11  Pylon  
  66  5:13  Void Ray (Chrono Boost)  
  66  5:14  Void Ray (Chrono Boost)  
  66  5:25  Probe x2  
  76  5:29  Pylon  
  76  5:37  Probe x2  
  78  5:43  Void Ray  
  78  5:44  Void Ray  
  78  5:49  Probe x2  
  88  6:01  Twilight Council  
  88  6:02  Forge  
  88  6:05  Probe  
  88  6:06  Probe  
  88  6:08  Shield Battery  
  90  6:15  Pylon  
  90  6:16  Pylon  
  90  6:18  Probe x2 (Chrono Boost)  
  92  6:21  Assimilator  
  92  6:23  Probe (Chrono Boost)  
  93  6:27  Assimilator  
  93  6:30  Probe x2 (Chrono Boost)  
  93  6:32  Protoss Ground Weapons Level 1 (Chrono Boost), Probe (Chrono Boost)  
  96  6:35  Probe x2 (Chrono Boost)  
  96  6:37  Probe (Chrono Boost)  
  99  6:44  Charge, Probe x2  
  101  6:49  Probe  
  102  6:56  Probe x2  
  102  6:57  Pylon  
  102  6:59  Pylon, Void Ray x2  
  100  7:07  Gateway  
  109  7:08  Gateway  
  109  7:13  Gateway  
  108  7:18  Gateway  
  108  7:19  Pylon  
  108  7:26  Photon Cannon  
  104  7:34  Shield Battery  
  104  7:36  Photon Cannon  
  104  7:38  Stalker x2  
  104  7:39  Photon Cannon  
  108  7:44  Templar Archives  
  108  7:45  Pylon  
  108  7:49  Photon Cannon  
  108  7:52  Shield Battery  
  108  7:57  Photon Cannon  
  108  8:06  Stalker x2  
  108  8:08  Stalker  
  108  8:09  Stalker  
  114  8:13  Phoenix x2 (Chrono Boost)  
  114  8:19  Fleet Beacon  
  116  8:20  Probe  
  112  8:29  Phoenix x2  
  112  8:30  Stalker x2  
  112  8:31  Stalker  
  118  8:39  Probe  
  111  8:57  Blink (Chrono Boost), High Templar x3  
  111  8:58  High Templar x3  
  123  9:03  Gateway x2  
  123  9:06  Flux Vanes, Shield Battery  
  123  9:09  Protoss Ground Weapons Level 2 (Chrono Boost)  
  123  9:12  Archon x3  
  123  9:30  Zealot x3  
  127  9:51  Photon Cannon  
  127  9:54  High Templar x3  
  127  9:55  High Templar  
  127  9:58  Nexus, Archon  
  135  10:00  Pylon, Archon  
  135  10:01  Shield Battery  
  135  10:07  Photon Cannon  
  135  10:08  Stalker x3  
  135  10:09  Stalker  
  143  10:17  Robotics Facility  
  143  10:30  High Templar x2  
  143  10:31  Zealot x5  
  143  10:32  Zealot  
  157  10:37  Gateway, Archon  
  157  10:39  Gateway  
  157  10:40  Pylon  
  157  10:47  Probe x2  
  157  10:49  Probe  
  160  10:52  Pylon  
  160  10:53  Pylon  
  154  10:59  Probe x2  
  156  11:08  Zealot x3  
  156  11:09  Zealot x5  
  170  11:13  Protoss Ground Weapons Level 3 (Chrono Boost), Warp Prism (Chrono Boost)  
  172  11:32  High Templar x3  
  176  11:33  High Templar  
  176  11:37  Probe  
  176  11:38  Probe x3  
  176  11:39  Archon x2, Immortal (Chrono Boost)  
  186  11:56  Photon Cannon  
  186  11:59  Pylon  
  174  12:01  Photon Cannon  
  174  12:02  Pylon  
  174  12:03  Shield Battery  
  174  12:05  Zealot x3  
  174  12:08  Observer (Chrono Boost), High Templar x2  
  185  12:10  Zealot x3  
  185  12:12  Archon  
  182  12:22  Observer  
  182  12:27  Stalker x5  
  170  12:33  Zealot x3  
  158  12:50  Stalker  
  158  12:51  Stalker x6  
  164  13:03  Zealot  
  164  13:04  Zealot x2  
  150  13:22  High Templar x3  
  150  13:23  High Templar, Stalker x3  
  160  13:28  Archon x2  
  160  13:30  Probe x4  
  160  13:31  Assimilator  
  160  13:33  Assimilator  
  158  13:35  Pylon  
  158  13:36  Immortal (Chrono Boost)  
  162  13:46  Probe x2  
  156  13:55  Zealot x3  
  158  13:56  Zealot x2  
  158  14:02  Zealot x4  
Show
View Real Time Build Order
Export as new Build Order

Bly Zerg 

Build Orders: 3 Hatch before Pool 

Get SALT Encoding   

  12  0:00  Drone  
  13  0:12  Overlord  
  13  0:16  Drone  
  14  0:34  Drone x2  
  16  0:49  Hatchery  
  15  0:54  Drone  
  15  0:56  Drone  
  17  1:19  Hatchery  
  17  1:23  Drone  
  17  1:25  Drone  
  18  1:37  Evolution Chamber  
  18  1:38  Extractor  
  17  1:40  Spawning Pool  
  17  1:41  Drone x2  
  17  1:46  Drone  
  19  2:02  Hatchery  
  19  2:08  Drone x2  
  19  2:11  Drone  
  21  2:17  Drone  
  21  2:18  Drone  
  23  2:28  Zergling x4  
  25  2:36  Queen  
  27  2:39  Metabolic Boost  
  27  2:44  Overlord  
  27  2:54  Drone  
  28  3:02  Queen  
  28  3:04  Drone x4  
  34  3:09  Drone  
  35  3:13  Queen  
  35  3:16  Drone  
  38  3:22  Queen  
  39  3:37  Drone x3  
  41  3:42  Overlord  
  41  3:43  Overlord  
  41  3:48  Drone  
  41  3:50  Overlord  
  41  3:51  Overlord  
  42  3:58  Overlord  
  42  4:03  Drone x7  
  49  4:13  Drone x4  
  49  4:14  Queen  
  49  4:15  Queen  
  57  4:22  Lair  
  57  4:24  Overlord  
  57  4:32  Drone  
  57  4:33  Drone x3  
  57  4:38  Zergling x8  
  65  4:41  Overlord x2  
  65  4:44  Extractor  
  65  4:45  Extractor  
  63  4:49  Drone  
  63  4:50  Drone x5  
  69  4:56  Drone x2  
  71  5:01  Hatchery  
  71  5:05  Overlord  
  71  5:06  Extractor  
  69  5:10  Overlord  
  68  5:19  Drone x3  
  71  5:22  Roach Warren  
  71  5:25  Drone, Spire  
  71  5:26  Drone x7  
  77  5:34  Overlord  
  77  5:39  Overseer  
  77  5:44  Spore Crawler  
  77  5:45  Queen x3  
  77  5:46  Overlord  
  77  5:47  Spore Crawler  
  77  5:49  Extractor x2  
  79  5:57  Drone x8  
  87  6:07  Zergling x2  
  87  6:08  Overlord  
  87  6:17  Glial Reconstitution  
  87  6:19  Drone x3  
  87  6:20  Overlord  
  90  6:36  Mutalisk x7  
  104  6:45  Spore Crawler  
  104  6:47  Queen x2  
  98  6:51  Overlord  
  98  6:53  Mutalisk x2  
  103  7:15  Hatchery, Mutalisk  
  102  7:16  Mutalisk x2  
  102  7:17  Extractor x2  
  102  7:38  Drone x10  
  102  7:40  Spore Crawler  
  111  7:45  Evolution Chamber  
  111  7:47  Zerg Flyer Weapons Level 1  
  111  7:49  Overlord x2  
  110  7:59  Queen x2  
  110  8:01  Overlord, Roach x3  
  110  8:02  Overlord x5  
  122  8:14  Hatchery  
  122  8:16  Hatchery  
  120  8:34  Hatchery  
  107  8:43  Overseer  
  96  8:57  Corruptor x6  
  96  8:58  Corruptor x4  
  96  9:02  Extractor x2  
  114  9:10  Spine Crawler  
  114  9:13  Drone x8, Spine Crawler  
  120  9:22  Zerg Melee Weapons Level 1  
  120  9:23  Zergling x8  
  124  9:36  Hatchery  
  123  9:45  Roach x10  
  143  9:51  Infestation Pit  
  143  9:52  Baneling Nest  
  140  9:59  Zergling x6  
  150  10:00  Zergling x14  
  150  10:15  Ravager x12  
  150  10:17  Zergling x16  
  169  10:31  Hive  
  168  10:36  Spine Crawler, Centrifical Hooks  
  168  10:37  Baneling x9, Spine Crawler  
  168  10:38  Baneling  
  168  10:39  Zergling x18  
  168  10:42  Spine Crawler  
  174  10:54  Baneling x7  
  174  10:55  Baneling x8  
  170  10:57  Baneling x2  
  162  11:20  Drone x4  
  162  11:21  Drone x11  
  175  11:27  Hatchery  
  175  11:30  Overseer, Zerg Melee Weapons Level 2  
  174  11:33  Overseer  
  172  11:40  Zergling x2  
  172  11:41  Zergling x4  
  172  11:46  Corruptor x3, Ultralisk Cavern  
  180  12:01  Adrenal Glands  
  175  12:02  Zergling x18  
  175  12:05  Baneling  
  181  12:22  Roach x7  
  149  12:30  Roach x4  
  149  12:36  Roach x6  
  131  12:41  Roach x2  
  115  12:53  Roach x5  
  115  12:58  Roach x3  
  113  13:05  Zergling x10  
  104  13:12  Zergling x8  
  89  13:22  Zergling x6  
  89  13:26  Zergling x2  
  76  13:30  Zergling x6  
  76  13:33  Ultralisk  
  75  13:44  Zergling x2  

Tags
 
Add a new tag
Caveats
  • Supply blocks, unpowered buildings, or Contaminate may cause inaccurate times.
  • Supply counts are checked every 10 seconds.